 Dungeon Crawl Stone Soup version 0.30.1-3-gfc49f6343a (webtiles) character file.

Game seed: 2864102095237205910

1232 tizbic2 the Shooter (level 8, -9/61 HPs)
             Began as a Formicid Hunter on July 21, 2023.
             Was a Follower of Zin.
             Mangled by Duvessa
             ... wielding a +0 short sword
              (10 damage)
             ... on level 4 of the Dungeon.
             The game lasted 00:14:21 (3818 turns).

tizbic2 the Shooter (Formicid Hunter)               Turns: 3818, Time: 00:14:21

Health: -9/61      AC: 14    Str: 18    XL:     8   Next: 77%
Magic:  20/20      EV: 11    Int:  9    God:    Zin [*.....]
Gold:   178        SH:  0    Dex: 17    Spells: 7/7 levels left

rFire   . . .        a - +0 shortbow
rCold   . . .        (no shield)
rNeg    . . .        j - +0 ring mail
rPois   +            (helmet unavailable)
rElec   .            i - +2 cloak
rCorr   .            q - +2 pair of gloves of Mirth {Harm rPois}
SInv    +            r - +0 pair of boots
Will    .....        h - amulet of regeneration
Stlth   +            c - ring of poison resistance
HPRegen 1.10/turn    m - ring of magical power
MPRegen 0.17/turn

%: harm (+30% outgoing, +20% incoming)
@: no status effects
A: permanent stasis, dig shafts and tunnels, antennae 3, four strong arms
a: Dig, Shaft Self, Renounce Religion, Recite, Donate Gold


You were on level 4 of the Dungeon.
You worshipped Zin.
Zin was aware of your devotion.
You visited 2 branches of the dungeon, and saw 6 of its levels.

You collected 197 gold pieces.
You donated 19 gold pieces to Zin.

Inventory:

Hand Weapons
 a - a +0 shortbow (weapon)
Armour
 i - a +2 cloak (worn)
 j - a +0 ring mail (worn)
 q - the +2 pair of gloves of Mirth (worn) {Harm rPois}
   (You acquired it on level 4 of the Dungeon)

   rPois:     It protects you from poison.
   Harm:      It increases damage dealt and taken.
 r - a +0 pair of boots (worn)
Magical Staves
 f - a staff of fire
Jewellery
 c - a ring of poison resistance (left hand)
 h - an amulet of regeneration (around neck)
 m - a ring of magical power (right hand)
 s - an amulet of magic regeneration
Wands
 n - a wand of digging (5)
Scrolls
 b - a scroll of immolation
 k - a scroll of noise {unknown}
 p - a scroll of enchant armour {unknown}
Potions
 d - 2 potions of ambrosia
 g - a potion of degeneration {unknown}
 l - a potion of invisibility {unknown}
 o - 3 potions of lignification {unknown}


   Skills:
 + Level 4.8 Fighting
 * Level 7.0 Ranged Weapons
 * Level 6.2 Armour
 - Level 1.7 Dodging
 - Level 1.2 Stealth
 + Level 4.4 Invocations


You had 7 spell levels left.
You didn't know any spells.
Your spell library contained the following spells:

 Spells                   Type           Power      Damage    Failure   Level
 Kiss of Death            Conj/Necr      0%         2d5       56%         1
 Necrotise                Necr           0%         1d4       56%         1
 Confusing Touch          Hex            0%         N/A       90%         3
 Hailstorm                Conj/Ice       0%         3d3       90%         3
 Vampiric Draining        Necr           0%         2d6       90%         3
 Dispel Undead            Necr           0%         3d6       100%        4
 Ice Form                 Ice/Tmut       0%         N/A       100%        4
 Agony                    Necr           0%         N/A       100%        5
 Simulacrum               Ice/Necr       0%         N/A       100%        6


Dungeon Overview and Level Annotations

Branches:
Dungeon (5/15)             Temple (1/1) D:4

Altars:
Ashenzari
Cheibriados
Dithmenos
Elyvilon
Fedhas
Gozag
Hepliaklqana
Makhleb
Okawaru
Qazlal
Ru
Sif Muna
Uskayaw
Vehumet
Xom
Zin
The Shining One

Annotations:
D:4 Duvessa


Innate Abilities, Weirdness & Mutations

You cannot be hasted, slowed, berserked, paralysed or teleported.
You can dig through walls and to a lower floor.
You have a pair of large antennae on your head. (SInv)
Your four strong arms can wield two-handed weapons with a shield.


Message History

Duvessa is lightly wounded.
Duvessa closely misses you. Duvessa hits you with a +0 short sword!
You shoot an arrow. The arrow barely misses Duvessa.
The arrow hits the adder but does no damage.
Duvessa hits you with a +0 short sword! Duvessa misses you.
You shoot an arrow. The arrow hits Duvessa.
Duvessa is moderately wounded.
Duvessa hits you but does no damage. Duvessa barely misses you.
You shoot an arrow. The arrow closely misses Duvessa.
The arrow misses the adder.
Duvessa hits you with a +0 short sword. Duvessa hits you but does no damage.
You shoot an arrow. The arrow barely misses Duvessa.
The arrow closely misses the adder.
Duvessa hits you with a +0 short sword! Duvessa closely misses you.
You shoot an arrow. The arrow hits Duvessa.
Duvessa is moderately wounded.
Duvessa hits you with a +0 short sword. Duvessa misses you.
You shoot an arrow. The arrow completely misses Duvessa.
The arrow hits the adder!
You kill the adder!
Duvessa hits you but does no damage.
Your Ranged Weapons skill increases to level 7!
You shoot an arrow.
The arrow hits Duvessa but does no damage.
Duvessa is moderately wounded.
Duvessa closely misses you. Duvessa hits you but does no damage.
You shoot an arrow. The arrow closely misses Duvessa.
Duvessa hits you with a +0 short sword. Duvessa hits you but does no damage.
You shoot an arrow. The arrow hits Duvessa!
Duvessa is severely wounded.
Duvessa hits you but does no damage. Duvessa hits you with a +0 short sword.
You shoot an arrow. The arrow hits Duvessa.
Duvessa is severely wounded.
Duvessa hits you with a +0 short sword. x2
* * * LOW HITPOINT WARNING * * *
You shoot an arrow. The arrow closely misses Duvessa.
Duvessa hits you with a +0 short sword!
* * * LOW HITPOINT WARNING * * *
Duvessa hits you with a +0 short sword!
You die...

..# #...##### #...# #.# #.#
..# ###.### #...# #.# #.#
..####...# #...# #.####.#
...##..#.# #...# #......#
...>..##.# ##### #########
..#.####.# { { .....). ..#.#
#.# ..##### ..#.# #.#
####+###+#
....####'######.@e†....'
######........#..#.....# {
######.....#######.....####.#
.....'.....#..#..#.....#..#.#
######.....'..#..#.....#..#.#
###.....#..#'####'####'#.#
#.......+................#
##......##...............#
#####......##..............##


You could see Duvessa (berserk).

Vanquished Creatures
  Pikel (D:4)
  Sigmund (D:3)
  Eustachio (D:4)
  A scorpion (D:4)
  Dowan (D:4)
  2 hounds
  Jessica (D:2)
  An orc wizard (D:4)
  An iguana (D:4)
  12 adders
  A shadow imp (D:3)
  A worm (D:4)
  4 dart slugs
  9 orcs
  10 endoplasms
  3 giant cockroaches
  6 goblins
  10 hobgoblins
  6 jackals
  5 kobolds
  7 quokkas
  11 ball pythons
  10 bats
  4 frilled lizards
  5 rats
114 creatures vanquished.

Notes
Turn   | Place    | Note
-------+----------+-------------------------------------------
     0 | D:1      | tizbic2 the Formicid Hunter began the quest for the Orb.
     0 | D:1      | Reached XP level 1. HP: 16/16 MP: 1/1
   228 | D:1      | Reached XP level 2. HP: 19/23 MP: 2/2
   243 | D:1      | Reached skill level 1 in Armour
   420 | D:1      | Reached XP level 3. HP: 28/28 MP: 3/3
   680 | D:1      | Found a faded altar of an unknown god.
   942 | D:2      | Noticed Jessica
   951 | D:2      | Killed Jessica
   952 | D:2      | Reached skill level 1 in Invocations
   952 | D:2      | Reached XP level 4. HP: 30/34 MP: 4/4
  1401 | D:3      | Reached XP level 5. HP: 41/41 MP: 6/6
  1666 | D:3      | Noticed Sigmund
  1680 | D:3      | Killed Sigmund
  1681 | D:3      | Reached skill level 5 in Ranged Weapons
  1681 | D:3      | Reached XP level 6. HP: 42/47 MP: 7/7
  2476 | D:4      | Noticed Pikel
  2490 | D:4      | Reached XP level 7. HP: 44/53 MP: 9/9
  2514 | D:4      | Killed Pikel
  2515 | D:4      | Reached skill level 6 in Ranged Weapons
  2515 | D:4      | Reached skill level 5 in Armour
  2515 | D:4      | Reached XP level 8. HP: 20/61 MP: 10/10
  2582 | D:4      | Found a staircase to the Ecumenical Temple.
  2591 | Temple   | Entered the Ecumenical Temple
  2742 | Temple   | Became a worshipper of Zin the Law-Giver
  2742 | Temple   | Reached * piety under Zin
  3178 | D:4      | Noticed Eustachio
  3203 | D:4      | Killed Eustachio
  3321 | D:4      | Identified a scroll of acquirement
  3321 | D:4      | Acquired the +2 pair of gloves of Mirth {Harm rPois}
  3460 | D:4      | Noticed Dowan
  3464 | D:4      | Killed Dowan
  3466 | D:4      | Noticed Duvessa
  3491 | D:4      | You fall into a shaft and drop 1 floor!
  3491 | D:5      | Entered Level 5 of the Dungeon
  3814 | D:4      | Reached skill level 7 in Ranged Weapons
  3818 | D:4      | HP: 1/61 [Duvessa/+0 short sword (18)]
  3818 | D:4      | Mangled by Duvessa

Illustrated notes

Levels and vault maps discovered:
D:1:      dpeg_arrival_water_temple_mockup, layout_basic,
          shapermc_ecumenical_altar_petra, minivault_26
D:2:      layout_rooms, uniq_jessica
D:3:      minmay_chambers_of_twos, layout_basic, serial_bayou_lagoon_b,
          uniq_sigmund
D:4:      layout_basic, temple_hall, minmay_snake_closets, uniq_eustachio,
          uniq_pikel, uniq_duvessa
D:5:      layout_gridville, minmay_misc_feat_encased, nicolae_wormholes
Temple:   hc_temple_tempest_star

Skill      XL: |  1  2  3  4  5  6  7  8 |
---------------+-------------------------+-----
Armour         | 1 2 3 4 5 6 |  6.2
Invocations    | 1 2 3 4 |  4.4
Fighting       | 3 4 |  4.8
Ranged Weapons | 5 6 7 |  7.0
Dodging        | |  1.7
Stealth        | |  1.2

Action                     |  1- 3 |  4- 6 |  7- 9 || total
---------------------------+-------+-------+-------++-------
   Fire: Shortbow          |   105 |   150 |   139 ||   394
Ability: Dig               |     1 |     2 |       ||     3
         Shaft Self        |       |       |     1 ||     1
    Use: Scroll            |       |     3 |     2 ||     5
         Potion            |       |       |     3 ||     3
 Armour: Leather armour    |    28 |     6 |       ||    34
         Ring mail         |       |    20 |    34 ||    54
  Dodge: Dodged            |    63 |    59 |    53 ||   175
